 Dungeon Crawl Stone Soup version 0.22.0-49-gab54619674 (webtiles) character file.

56 JedernureinKreuz the Charlatan (level 3, -6/33 HPs)
             Began as a Troll Artificer on Sept 7, 2018.
             Mangled by an iguana (13 damage)
             ... on level 4 of the Dungeon.
             The game lasted 00:04:00 (446 turns).

JedernureinKreuz the Charlatan (Troll Artificer)     Turns: 446, Time: 00:04:00

Health: -6/33      AC:  6    Str: 21    XL:     3   Next: 71%
Magic:  4/4        EV:  7    Int:  7    God:
Gold:   40         SH:  7    Dex: 10    Spells: 2/2 levels left

rFire    . . .     SeeInvis .   g - +0 dagger (holy)
rCold    . . .     Gourm    +   l - +0 shield
rNeg     . . .     Faith    .   b - +0 robe
rPois    .         Spirit   .   (helmet restricted)
rElec    .         Reflect  .   i - +0 cloak
rCorr    .         Harm     .   (gloves unavailable)
MR       .....                  (boots unavailable)
Stlth    +.........             (no amulet)
HPRegen  0.51/turn              (no ring)
MPRegen  0.09/turn              (no ring)

@: no status effects
A: large, unfitting armour, claws 3, fast metabolism 3, gourmand, regeneration
1, shaggy fur 1, tough skin 2
a: no special abilities


You were on level 4 of the Dungeon.
You were not hungry.

You visited 1 branch of the dungeon, and saw 4 of its levels.

You collected 40 gold pieces.

Inventory:

Hand Weapons
 a - a +0 short sword
 g - a +0 dagger of holy wrath (weapon)
 j - a +0 hunting sling
Armour
 b - a +0 robe (worn)
 i - a +0 cloak (worn)
 l - a +0 shield (worn)
Wands
 c - a wand of flame (13)
 d - a wand of enslavement (14)
 e - a wand of random effects (15)
Scrolls
 k - a scroll of remove curse {unknown}
 o - a scroll of magic mapping {unknown}
Potions
 h - a potion of curing {unknown}
 m - a potion of mutation {unknown}
 n - a potion of invisibility {unknown}
Comestibles
 f - 4 rations


   Skills:
 + Level 1.2 Fighting
 + Level 1.4 Short Blades
 + Level 1.9 Dodging
 + Level 0.7 Stealth
 + Level 2.8 Evocations


You had 2 spell levels left.
You didn't know any spells.
Your spell library was empty.

Dungeon Overview and Level Annotations

Branches:
Dungeon (4/15)
 Temple: D:4-7

Altars:
Cheibriados


Innate Abilities, Weirdness & Mutations

You are too large for most types of armour.
You have claws for hands.
Your metabolism is lightning-fast.
You like to eat raw meat.
Your natural rate of healing is unusually fast.
You are covered in fur. (AC +1)
You have very tough skin. (AC +2)


Message History

You hit the iguana.
The iguana is moderately wounded.
The iguana bites you!
You hit the iguana but do no damage.
The iguana is moderately wounded.
The iguana barely misses you. The iguana bites you!
Your shield prevents you from hitting the iguana.
The iguana is moderately wounded.
The iguana bites you.
You hit the iguana but do no damage.
The iguana is moderately wounded.
You block the iguana's attack.
You barely miss the iguana.
The iguana is moderately wounded.
The iguana bites you.
* * * LOW HITPOINT WARNING * * *
You hit the iguana.
The iguana is moderately wounded.
The iguana bites you!
You die...

#######.#####.#
#.............#
.#####.#####.#
#.## #.# #..#
#[# ##.# #.#
##.####.####.
#............
#..##@..#.##
#..##l.$.#
.........##
###..###$##
...# .# ###.#
.# #. .# .#


You could see an iguana.

Vanquished Creatures
  A hound (D:4)
  A gnoll (D:4)
  2 leopard geckos
  2 goblins (D:1)
  4 hobgoblins
  3 bats
  2 kobolds (D:1)
  2 rats
17 creatures vanquished.

Notes
Turn   | Place    | Note
-------+----------+-------------------------------------------
     0 | D:1      | JedernureinKreuz the Troll Artificer began the quest for
                  | the Orb.
     0 | D:1      | Reached XP level 1. HP: 18/18 MP: 1/1
   125 | D:1      | Reached XP level 2. HP: 26/26 MP: 2/2
   139 | D:1      | Reached skill level 1 in Short Blades
   155 | D:1      | Found a snail-covered altar of Cheibriados.
   338 | D:4      | Reached skill level 1 in Fighting
   390 | D:4      | Reached XP level 3. HP: 17/33 MP: 4/4
   446 | D:4      | Mangled by an iguana

Skill      XL: |  1  2 |
---------------+-------+-----
Short Blades   | 1 |  1.4
Fighting       | 1 |  1.2
Dodging        | |  1.9
Stealth        | |  0.7
Evocations     | |  2.8

Action                   || total
-------------------------++-------
Melee: Dagger            ||    81
       Short sword       ||     5
Evoke: Wand              ||     3
 Stab: Sleeping          ||     1
  Eat: Chunk             ||     1
Armor: Robe              ||    40
Dodge: Dodged            ||    50
Block: Shield            ||    12
